 Dungeon Crawl Stone Soup version 0.31-a0-229-g1fc7ce93e2 (webtiles) character file.

Game seed: 17080915304007989968

101 qw the Shooter (level 4, 0/36 HPs)
             Began as a Minotaur Hexslinger on July 6, 2023.
             Succumbed to a gnoll's poison
             ... on level 2 of the Dungeon.
             The game lasted 00:00:42 (1505 turns).

qw the Shooter (Minotaur Hexslinger)                Turns: 1505, Time: 00:00:42

Health: 0/36       AC:  5    Str: 12    XL:     4   Next: 48%
Magic:  4/4        EV: 11    Int: 10    God:
Gold:   96         SH:  0    Dex: 15    Spells: 4/5 levels left

rFire   . . .        Y - +1 sling (drain)
rCold   . . .        (no shield)
rNeg    . . .        e - +0 ring mail
rPois   .            (helmet restricted)
rElec   .            (no cloak)
rCorr   .            (no gloves)
SInv    .            (no boots)
Will    .....        (no amulet)
Stlth   +            (no ring)
HPRegen 0.26/turn    (no ring)
MPRegen 0.09/turn

%: no passive effects
@: lethally poisoned (0 -> -18)
A: horns 2, retaliatory headbutt
a: no special abilities


You were on level 2 of the Dungeon.
You visited 1 branch of the dungeon, and saw 2 of its levels.

You collected 96 gold pieces.


Innate Abilities, Weirdness & Mutations

You have a pair of horns on your head.
You reflexively headbutt those who attack you in melee.


   Skills:
 - Level 2.0 Fighting
 + Level 4.7 Ranged Weapons
 - Level 1.5 Armour
 - Level 2.1 Dodging
 - Level 1.0 Spellcasting
 - Level 2.0 Hexes


You had 4 spell levels left.
You knew the following spells:

 Your Spells              Type           Power      Damage    Failure   Level
a - Slow                  Hex            16%        N/A       32%         1

Your spell library contained the following spells:

 Spells                   Type           Power      Damage    Failure   Level
 Inner Flame              Hex/Fire       2%         N/A       83%         3
 Portal Projectile        Hex/Tloc       4%         N/A       83%         3
 Cause Fear               Hex            2%         N/A       97%         4

Inventory:

Hand Weapons
 Y - a +1 sling of draining (weapon)
Armour
 e - a +0 ring mail (worn)
 i - a +0 pair of gloves
Scrolls
 j - a scroll of identify
Potions
 a - 2 potions of resistance {unknown}
 b - a potion of mutation {unknown}
 c - a potion of degeneration {unknown}
 d - 2 potions of curing {unknown}
 f - a potion of brilliance {unknown}
 g - a potion of haste {unknown}
 h - a potion of lignification {unknown}

Dungeon Overview and Level Annotations

Branches:
Dungeon (2/15)

Altars:


Message History

You feel sick. The gnoll hits you but does no damage.
You shoot a sling bullet. The sling bullet hits the gnoll.
You drain the gnoll.
The gnoll is almost dead.
You feel sick. The gnoll closely misses you. You furiously retaliate!
You headbutt the gnoll.
You kill the gnoll!
The gnoll barely misses you. The gnoll hits you with a +0 whip.
You shoot a sling bullet. The sling bullet hits the gnoll.
You drain the gnoll.
The gnoll is heavily wounded.
You feel sick. The gnoll closely misses you. The gnoll hits you with a +0 whip.
You shoot a sling bullet.
The sling bullet hits the gnoll but does no damage.
You drain the gnoll.
The gnoll is almost dead.
You feel sick.
You are no longer poisoned.
The gnoll barely misses you. x2
You shoot a sling bullet.
The sling bullet barely misses the gnoll.
The gnoll closely misses you. The gnoll hits you with a +0 whip.
The gnoll misses you. The gnoll barely misses you.
You shoot a sling bullet. The sling bullet hits the gnoll.
You kill the gnoll!
The gnoll closely misses you.
You shoot a sling bullet.
The sling bullet closely misses the gnoll.
The gnoll barely misses you.
You shoot a sling bullet.
The sling bullet barely misses the gnoll.
The gnoll hits you from afar with a +0 spear of venom.
You are poisoned.
You shoot a sling bullet. The sling bullet hits the gnoll.
You drain the gnoll.
The gnoll is severely wounded.
You feel very sick.
The gnoll hits you from afar with a +0 spear of venom.
You are more poisoned.
The gnoll hits you from afar with a +0 spear of venom.
You shoot a sling bullet.
The sling bullet barely misses the gnoll.
You die...

#..........####....
##.#######.####....
#.# #......... #.#
######.##. #.#
#.##. #.# #.##. #.#
#.##. #.# #.##. #@#
...#. #)# .#...
#.g.g.g.g . .#
######### .. ##


You could see a gnoll (very drained).

Vanquished Creatures
  3 gnolls (D:2)
  An adder (D:2)
  5 dart slugs
  6 ball pythons
  8 bats
  3 endoplasms
  2 giant cockroaches
  7 goblins
  4 hobgoblins
  6 kobolds
  2 quokkas (D:1)
  2 frilled lizards (D:2)
  4 rats
53 creatures vanquished.

Notes
Turn   | Place    | Note
-------+----------+-------------------------------------------
     0 | D:1      | qw the Minotaur Hexslinger began the quest for the Orb.
     0 | D:1      | Reached XP level 1. HP: 16/16 MP: 1/1
     0 | D:1      | 0 ||| qw: Version: 0.3-a-46-gb1f654a
     0 | D:1      | 0 ||| qw: Game counter: 1659
     0 | D:1      | 0 ||| qw: Melee chars always use a shield: true
     0 | D:1      | 0 ||| qw: God list: Okawaru
     0 | D:1      | 0 ||| qw: Allow faded altars: false
     0 | D:1      | 0 ||| qw: Do Orc after clearing Dungeon:15 true
     0 | D:1      | 0 ||| qw: Do second Lair branch before Depths: true
     0 | D:1      | 0 ||| qw: Lair rune preference: random
     0 | D:1      | 0 ||| qw: Goals: Normal
     0 | D:1      | 0 ||| PLANNING D:1-11
     2 | D:1      | Noticed a demonspawn
     2 | D:1      | Noticed a demigod
     4 | D:1      | Noticed a merfolk
     6 | D:1      | Noticed a minotaur
     6 | D:1      | Noticed a human
     8 | D:1      | Noticed a troll
     8 | D:1      | Noticed a vampire
    10 | D:1      | Noticed an elf
    10 | D:1      | Noticed a meteoran
    12 | D:1      | Noticed an octopode
    12 | D:1      | Noticed an ogre
    16 | D:1      | Noticed a spriggan
    16 | D:1      | Noticed a felid
    18 | D:1      | Noticed a draconian
    18 | D:1      | Noticed an armataur
    20 | D:1      | Noticed a tengu
    20 | D:1      | Noticed a vine stalker
    22 | D:1      | Noticed a gargoyle
    22 | D:1      | Noticed a formicid
    24 | D:1      | Noticed a meteoran
    24 | D:1      | Noticed a naga
    26 | D:1      | Noticed an ogre
    26 | D:1      | Noticed a merfolk
    45 | D:1      | 45 ||| FLEEEEING.
   130 | D:1      | Reached skill level 3 in Ranged Weapons
   130 | D:1      | Reached XP level 2. HP: 16/23 MP: 2/2
   303 | D:1      | 303 ||| FLEEEEING.
   304 | D:1      | 304 ||| FLEEEEING.
   516 | D:1      | Reached XP level 3. HP: 29/29 MP: 3/3
   828 | D:1      | 828 ||| UPGRADING to +0 ring mail.
   838 | D:1      | 838 ||| DROPPING +0 robe.
   839 | D:1      | 839 ||| DROPPING ring of wizardry.
   840 | D:1      | 840 ||| READING scroll labelled BUHUHU DOCUIJAIT.
   841 | D:1      | 841 ||| READING scroll labelled BEOKILONUR.
   846 | D:1      | 846 ||| READING scroll labelled OCLY IZOSOSKIE.
   847 | D:1      | 847 ||| DROPPING scroll of poison.
   926 | D:2      | 926 ||| FLEEEEING.
   927 | D:2      | 927 ||| FLEEEEING.
   930 | D:2      | Reached skill level 4 in Ranged Weapons
  1144 | D:2      | Reached skill level 1 in Armour
  1144 | D:2      | 1144 ||| FLEEEEING.
  1147 | D:2      | 1147 ||| FLEEEEING.
  1148 | D:2      | 1148 ||| FLEEEEING.
  1151 | D:2      | 1151 ||| FLEEEEING.
  1152 | D:2      | 1152 ||| FLEEEEING.
  1153 | D:2      | 1153 ||| FLEEEEING.
  1154 | D:2      | 1154 ||| FLEEEEING.
  1155 | D:2      | 1155 ||| FLEEEEING.
  1156 | D:2      | 1156 ||| FLEEEEING.
  1157 | D:2      | 1157 ||| FLEEEEING.
  1158 | D:2      | 1158 ||| FLEEEEING.
  1161 | D:2      | 1161 ||| FLEEEEING.
  1162 | D:2      | 1162 ||| FLEEEEING.
  1163 | D:2      | 1163 ||| FLEEEEING.
  1164 | D:2      | 1164 ||| FLEEEEING.
  1165 | D:2      | 1165 ||| FLEEEEING.
  1167 | D:2      | 1167 ||| FLEEEEING.
  1168 | D:2      | 1168 ||| FLEEEEING.
  1387 | D:2      | Reached XP level 4. HP: 36/36 MP: 4/4
  1488 | D:2      | 1488 ||| Stepping ~*~*~tactically~*~*~ (outnumbered).
  1490 | D:2      | 1490 ||| Stepping ~*~*~tactically~*~*~ (outnumbered).
  1504 | D:2      | HP: 6/36 [gnoll/+0 spear of venom (5)]
  1505 | D:2      | Succumbed to a gnoll's poison

Levels and vault maps discovered:
D:1:      kb_arrival_jail, layout_loops_ring, minmay_pentomino_x2
D:2:      layout_loops_ring, serial_bayou_pond_e

Skill      XL: |  1  2  3 |
---------------+----------+-----
Ranged Weapons | 3 4 |  4.7
Fighting       | 2 |  2.0
Armour         | 1 |  1.5
Dodging        | |  2.1
Spellcasting   | |  1.0
Hexes          | |  2.0

Action                     |  1- 3 |  4- 6 || total
---------------------------+-------+-------++-------
   Fire: Sling             |   119 |    22 ||   141
    Use: Scroll            |     3 |       ||     3
 Armour: Robe              |     8 |       ||     8
         Ring mail         |     7 |     1 ||     8
  Dodge: Dodged            |    26 |    12 ||    38

Table legend:
 A = Non-vault XP
 B = Vault XP
 C = Vault XP percentage of total XP
 D = Non-vault monster count
 E = Vault monster count
 F = Vault count percentage of total count
                 A         B        C        D         E       F
            +---------+---------+-------+---------+---------+-------
      Total |     141 |       4 |   2.8 |      52 |       1 |   1.9
            +---------+---------+-------+---------+---------+-------
        D:1 |      48 |       4 |   7.7 |      26 |       1 |   3.7
        D:2 |      93 |       0 |   0.0 |      26 |       0 |   0.0
            +---------+---------+-------+---------+---------+-------
